 Dungeon Crawl Stone Soup version 0.28-a0-479-g5baa6b73be (console) character file.

Game seed: 14750524623589552646

82 gressup the Firebug (level 4, -6/27 HPs)
             Began as an Octopode Fire Elementalist on Sept 17, 2021.
             Killed from afar by an orc wizard (7 damage)
             ... with a magic dart
             ... on level 3 of the Dungeon.
             The game lasted 00:10:26 (2910 turns).

gressup the Firebug (Octopode Fire Elementalist)    Turns: 2910, Time: 00:10:27

Health: -6/27      AC:  1    Str:  7    XL:     4   Next: 43%
Magic:  2/7        EV: 13    Int: 18    God:
Gold:   62         SH:  0    Dex: 12    Spells: 0/7 levels left

rFire   + . .      SeeInvis .   a - staff of fire
rCold   . . .      Faith    .   (no shield)
rNeg    . . .      Spirit   .   (helmet restricted)
rPois   .          Reflect  .   (no amulet)
rElec   .          Harm     .   (no ring)
rCorr   .          Rampage  .   (no ring)
Will    .....                   (no ring)
Stlth   +++.......              (no ring)
HPRegen 0.09/turn               (no ring)
MPRegen 0.10/turn               (no ring)
                                (no ring)
                                (no ring)

@: no status effects
A: almost no armour, amphibious, 8 rings, camouflage 1, gelatinous body 1,
(nimble swimmer 1), tentacles
a: no special abilities


You were on level 3 of the Dungeon.
You visited 1 branch of the dungeon, and saw 3 of its levels.

You collected 98 gold pieces.
You spent 36 gold pieces at shops.

Inventory:

Hand Weapons
 b - a +0 short sword of speed
 q - a +4 short sword
Missiles
 c - 139 stones
 i - 13 sling bullets
Armour
 r - a +0 kite shield
Magical Staves
 a - a staff of fire (weapon)
Scrolls
 f - a scroll of noise {unknown}
 g - 2 scrolls of identify {unknown}
 h - a scroll of summoning {unknown}
 j - a scroll of amnesia {unknown}
 k - a scroll of teleportation
 m - a scroll of enchant weapon {unknown}
 n - 2 scrolls of vulnerability {unknown}
 p - a scroll of immolation {unknown}
Potions
 d - a potion of curing {unknown}
 e - a potion of might {unknown}
 l - a potion of brilliance {unknown}
 o - a potion of cancellation {unknown}


   Skills:
 - Level 2.0 Dodging
 - Level 2.6 Stealth
 - Level 2.0 Spellcasting
 + Level 2.9 Conjurations
 + Level 4.1 Fire Magic


You couldn't memorise any spells.
You knew the following spells:

 Your Spells              Type           Power      Damage    Failure   Level
a - Foxfire               Conj/Fire      88%        2x1d8     4%          1
b - Scorch                Fire           50%        2d7       4%          2
c - Flame Wave            Conj/Fire      22%        3d6       38%         4

Your spell library contained the following spells:

 Spells                   Type           Power      Damage    Failure   Level
 Conjure Flame            Conj/Fire      22%        6-21      13%         3
 Inner Flame              Hex/Fire       13%        N/A       22%         3


Dungeon Overview and Level Annotations

Branches:
Dungeon (3/15)

Altars:
Uskayaw

Shops:
D:3 [(?**


Innate Abilities, Weirdness & Mutations

You cannot wear most types of armour.
You are amphibious.
You can wear up to eight rings at the same time.
Your skin changes colour to match your surroundings (Stealth+).
Your rubbery body absorbs attacks. (AC +1, EV +1)
((You are camouflaged near water. (Stealth+)))
You have tentacles for arms and can constrict up to eight enemies at once.


Message History

You don't have enough magic to cast this spell.
Unknown command.
You miss the orc wizard. Your grab misses the orc wizard.
The orc wizard hits you with a +0 dagger.
An orc comes into view. It is wielding a +0 flail.
The orc wizard hits you with a +0 dagger.
Things that are here:
a +0 club; a goblin corpse
Things that are here:
a +0 dagger; 3 poisoned darts
Casting: Scorch (safe; 4% risk of failure)
Confirm with . or Enter, or press ? or * to list all spells.
You feel a surge of power!
You conjure some foxfire!
The foxfire hits the orc wizard.
The orc wizard is moderately wounded.
The foxfire hits the orc wizard.
The orc wizard is heavily wounded.
The orc wizard hits you with a +0 dagger.
Unknown command.
You hit the orc wizard. You grab the orc wizard.
The orc wizard is heavily wounded.
You constrict the orc wizard.
The orc wizard hits you but does no damage.
Unknown command.
You hit the orc wizard but do no damage.
The orc wizard is severely wounded.
You constrict the orc wizard. The orc wizard barely misses you.
The orc hits you with a +0 flail!
* * * LOW HITPOINT WARNING * * *
The orc wizard hits you with a +0 dagger.
* * * LOW HITPOINT WARNING * * *
You release your grip on the orc wizard.
The orc wizard mumbles some strange words.
The orc wizard flickers and vanishes!
Deactivating autopickup; reactivate with Ctrl-A.
The orc hits you with a +0 flail!
* * * LOW HITPOINT WARNING * * *
A magic dart appears from out of thin air!
The magic dart hits you!
You die...

#.###.......### #.# #.####..#
#.# #.###...# #o# #.......#
### #.# #.{#....### ..#
#.###.........# #.#
#....†.o....#.#####[#
#)#############..##..........#
.........# #.@##.#..#######
#.######.# #........# ..# #.#
##.......# ..#
##.##########...## ########
#.# #.......# #...# #...##..
#.# ##.#####)# #...# #...##.#
#.## #..#..(#.##
#...####...##.# ...#
#..#..(#..####...#..........
...#
#..#####....................


You could see an orc.

Vanquished Creatures
  4 adders
  A worm (D:2)
  2 orcs (D:3)
  4 ball pythons
  7 endoplasms
  5 giant cockroaches
  2 goblins
  A hobgoblin (D:1)
  2 kobolds
  A quokka (D:3)
  4 bats
  3 frilled lizards (D:1)
  5 rats
41 creatures vanquished.

Vanquished Creatures (others)
  56 foxfires
56 creatures vanquished.

Grand Total: 97 creatures vanquished

Notes
Turn   | Place    | Note
-------+----------+-------------------------------------------
     0 | D:1      | gressup the Octopode Fire Elementalist began the quest for
                  | the Orb.
     0 | D:1      | Reached XP level 1. HP: 11/11 MP: 3/3
   283 | D:1      | Reached XP level 2. HP: 17/17 MP: 3/5
   286 | D:1      | Learned a level 2 spell: Scorch
  1200 | D:2      | Reached XP level 3. HP: 21/21 MP: 0/6
  1808 | D:2      | Reached skill level 4 in Fire Magic
  1808 | D:2      | Reached XP level 4. HP: 27/27 MP: 3/7
  1850 | D:2      | Learned a level 4 spell: Flame Wave
  2119 | D:3      | Found Jialoa Sest's General Store.
  2126 | D:3      | Bought a scroll of teleportation for 36 gold pieces
  2259 | D:3      | Found a faded altar of an unknown god.
  2309 | D:3      | Found Vowko's General Store.
  2379 | D:3      | Found Rikhav's Antique Weapon Shoppe.
  2381 | D:3      | Found Luonlih's Armour Boutique.
  2404 | D:3      | Found a hide-covered altar of Uskayaw.
  2408 | D:3      | Noticed a +0 dagger
  2408 | D:3      | Noticed a +0 hand axe
  2866 | D:3      | Found Baunad's Magic Scroll Shop.
  2909 | D:3      | HP: 1/27 [orc (7)]
  2910 | D:3      | Killed from afar by an orc wizard

Illustrated notes

Levels and vault maps discovered:
D:1:      lightli_arrival_noodles, layout_loops_ring, serial_forest,
          infiniplex_forest_zigzag_2, infiniplex_forest_end_3,
          infiniplex_forest_clump_medium, infiniplex_forest_end_1,
          infiniplex_forest_straight_4
D:2:      layout_basic
D:3:      layout_loops_cross, dancing_weapons_uskayaw, serial_shops,
          nicolae_shop_crystal, shop, nicolae_shop_waterfront, shop, shop,
          shapermc_ecumenical_altar_petra

Skill      XL: |  1  2  3 |
---------------+----------+-----
Conjurations   | 2 |  2.9
Fire Magic     | 4 |  4.1
Dodging        | |  2.0
Stealth        | |  2.6
Spellcasting   | |  2.0

Action                   |  1- 3 |  4- 6 || total
-------------------------+-------+-------++-------
Melee: Short sword       |     3 |       ||     3
       Constrict         |     1 |     2 ||     3
       Tentacles         |     1 |       ||     1
       Staff             |       |     4 ||     4
 Cast: Foxfire           |    27 |     6 ||    33
       Scorch            |    13 |    10 ||    23
Armor: Skin              |     1 |     1 ||     2
Dodge: Dodged            |    11 |     6 ||    17

Table legend: (Time is in decaauts)
 A = Elapsed time spent in this place.
 B = Non-inter-level travel time spent in this place.
 C = Inter-level travel time spent in this place.
 D = Time resting spent in this place.
 E = Time spent auto-exploring this place.
 F = Levels seen in this place.
 G = Mean time per level.
                   A        B        C        D        E       F      G
               +--------+--------+--------+--------+--------+-----+--------+
         Total |   2911 |   2760 |    151 |    527 |   1440 |   3 |  970.3 |
       Dungeon |   2911 |   2760 |    151 |    527 |   1440 |   3 |  970.3 |
               +--------+--------+--------+--------+--------+-----+--------+

Top non-repeatable levels by time:
     D:1: 1266 daAuts
     D:2: 864 daAuts
     D:3: 781 daAuts
